 Dungeon Crawl Stone Soup version 0.20.1-1-g8b1a95d (webtiles) character file.

3384 Shadrokmor the Protected (level 9, -3/76 (79) HPs)
             Began as a Minotaur Fighter on Aug 1, 2017.
             Was a Priest of Okawaru.
             Killed from afar by Erica (21 damage)
             ... with an orb of energy
             ... on level 8 of the Dungeon on Aug 7, 2017.
             The game lasted 01:00:28 (8759 turns).

Shadrokmor the Protected (Minotaur Fighter)         Turns: 8759, Time: 01:00:29

HP:   -3/76 (79)    AC: 11    Str: 23    XL:     9   Next: 74%
MP:   8/8           EV:  8    Int:  9    God:    Okawaru [***...]
Gold: 256           SH: 11    Dex: 11    Spells: 8/8 levels left

rFire    x . .     SeeInvis .   C - +0 scimitar
rCold    . . .     Gourm    .   c - +0 shield
rNeg     . . .     Faith    .   d - +0 chain mail "Fegead" {rF- MR+ rCorr Int+4}
rPois    .         Spirit   .   (helmet restricted)
rElec    .         Reflect  .   (no cloak)
rCorr    +         Harm     .   (no gloves)
MR       +....                  (no boots)
Stlth    ..........             p - amulet of rage
Regen    0.3/turn               (no ring)
MPRegen  0.2/turn               (no ring)

@: lethally poisoned (-3 -> -11)
A: retaliatory headbutt, horns 2
a: Heroism, Renounce Religion, Evoke Berserk Rage


You were on level 8 of the Dungeon.
You worshipped Okawaru.
Okawaru was most pleased with you.
You were not hungry.

You visited 2 branches of the dungeon, and saw 9 of its levels.

You collected 256 gold pieces.

Inventory:

Hand Weapons
 a - a +0 long sword
 g - a +6 flail of holy wrath
 t - a +0 giant spiked club
 w - a +0 rapier of protection
 A - a +1 long sword
 C - a +0 scimitar (weapon)
Missiles
 q - 61 arrows (quivered)
 u - 2 throwing nets
Armour
 b - a +1 scale mail
 c - a +0 shield (worn)
 d - the +0 chain mail "Fegead" (worn) {rF- MR+ rCorr Int+4}
   (You found it on level 7 of the Dungeon)

   It affects your intelligence (+4).
   It makes you vulnerable to fire.
   It affects your resistance to hostile enchantments.
   It protects you from acid and corrosion.
Magical Staves
 o - an uncursed staff of earth {unknown}
Jewellery
 l - an uncursed ring of poison resistance {unknown}
 p - an amulet of rage (around neck)
 x - a cursed amulet of inaccuracy {unknown}
 B - a +3 ring of dexterity {unknown}
Wands
 f - a wand of iceblast (3/15)
 v - a wand of iceblast (8/15)
Scrolls
 e - a scroll of blinking
 i - 2 scrolls of fog
 k - 3 scrolls of remove curse
 m - a scroll of brand weapon {unknown}
 n - 4 scrolls of identify {unknown}
 s - a scroll of teleportation {unknown}
 y - 2 scrolls of random uselessness {unknown}
 F - a scroll of magic mapping
Potions
 h - a potion of invisibility {unknown}
 j - a potion of agility
 z - a potion of brilliance
Books
 E - a book of Geomancy

   Spells                             Type                      Level
   a - Sandblast                      Earth                        1
   b - Passwall                       Transmutation/Earth          2
   c - Stone Arrow                    Conjuration/Earth            3
   d - Petrify                        Transmutation/Earth          4
   e - Lee's Rapid Deconstruction     Earth                        5
Comestibles
 r - 3 royal jellies
 D - 3 fruits
 G - 2 chunks of flesh


   Skills:
 + Level 7.0 Fighting
 + Level 8.3 Long Blades
 + Level 5.3 Maces & Flails
 + Level 0.2 Throwing
 + Level 8.8 Armour
 + Level 3.7 Dodging
 + Level 1.1 Stealth
 + Level 8.5 Shields


You had 8 spell levels left.
You didn't know any spells.

Dungeon Overview and Level Annotations

Branches:
Dungeon (8/15)             Temple (1/1) D:5
   Lair: D:8-11

Altars:
Ashenzari
Cheibriados
Dithmenos
Elyvilon
Fedhas
Gozag
Hepliaklqana
Kikubaaqudgha
Makhleb
Nemelex Xobeh
Okawaru
Qazlal
Ru
Sif Muna
Trog
Uskayaw
Vehumet
Xom
Yredelemnul
Zin
The Shining One

Annotations:
D:8 Erica


Innate Abilities, Weirdness & Mutations

You reflexively headbutt those who attack you in melee.
You have a pair of horns on your head.


Message History

Erica points at you and mumbles some strange words.
The orb of energy hits you!
Erica screams, "I'll never tell where it is!"
Erica says, "Fast and perfect.
Such is my way of killing."
You found an alarm trap!
Erica casts a spell at you. The bolt of poison hits you!
You are poisoned.
* * * LOW HITPOINT WARNING * * *
You feel sick.
You hear a blaring wail to the north.
You hear a loud, deep croak!
You hear an angry hiss.
Tossing away (i - inventory. (,) - cycle):
q - 62 arrows (quivered)
Press: ? - help, Shift-Dir - straight line, f/p - Erica
Aim: Erica, wielding a scimitar of flaming and wearing a runed robe You toss away an arrow.
The arrow closely misses Erica.
You feel sick.
You feel sick. Erica gestures at you while chanting.
The orb of energy hits you!
You die...

#######'############
...........#....#
.........).#....#
...........#....# ......#
....##.....#....# ......#
.... #.....##...# #.....#
...
#....@###'####.....### ..
+............#.......#
#......@.....#.......#
#............#.......# .
#............'.......#..
+.............#...<...+..
#########.....#.......#..
#.....#.......#..
#######.##..%###.
##.##...###.
...........).


You could see Erica.

Vanquished Creatures
  Pikel (D:7)
  The ghost of nataq the Skirmisher, a novice DsFi (D:5)
  A troll (D:6)
  A hornet (D:8)
  Grinder (D:3)
  Eustachio (D:4)
  Menkaure (D:5)
  Edmund (D:4)
  A black bear (D:6)
  2 slaves (D:6)
  A sky beast (D:6)
  An orc warrior (D:5)
  2 ice beasts (D:8)
  A phantom (D:7)
  A necrophage (D:8)
  2 ogres (D:5)
  A bullfrog (D:8)
  A scorpion (D:5)
  A water moccasin zombie (D:6)
  A water moccasin skeleton (D:6)
  3 wights (D:6)
  2 howler monkeys
  2 hounds
  An orc priest (D:3)
  An orc wizard (D:5)
  A bullfrog skeleton (D:8)
  4 worker ants
  A hound zombie (D:6)
  A hound skeleton (D:8)
  A worker ant zombie (D:5)
  4 adders
  5 gnolls
  3 oozes
  3 worms
  3 dart slugs
  2 leopard geckos
  9 orcs
  A ball python (D:1)
  5 bats
  2 giant cockroaches
  5 goblins
  3 hobgoblins
  11 jackals
  3 kobolds
  4 quokkas
  3 frilled lizards
  A jackal skeleton (D:4)
  A leopard gecko skeleton (D:5)
  A quokka skeleton (D:4)
  5 rats
  A bush (Temple)
115 creatures vanquished.

Vanquished Creatures (others)
  A bullfrog zombie (D:7)
  A bullfrog skeleton (D:7)
  An iguana (D:7)
  An orc (D:7)
4 creatures vanquished.

Grand Total: 119 creatures vanquished

Notes
Turn   | Place    | Note
-------+----------+-------------------------------------------
     0 | D:1      | Shadrokmor the Minotaur Fighter began the quest for the Orb.
     0 | D:1      | Reached XP level 1. HP: 19/19 MP: 0/0
    41 | D:1      | Reached XP level 2. HP: 23/27 MP: 1/1
   381 | D:1      | Reached XP level 3. HP: 8/33 MP: 2/2
   834 | D:3      | Noticed Grinder
   842 | D:3      | Paralysed by Grinder for 2 turns
   846 | D:3      | Paralysed by Grinder for 6 turns
   861 | D:3      | Paralysed by Grinder for 5 turns
   872 | D:3      | Killed Grinder
   872 | D:3      | Reached skill level 5 in Shields
   872 | D:3      | Reached XP level 4. HP: 23/41 MP: 3/3
   872 | D:3      | Reached XP level 5. HP: 26/47 MP: 4/4
  1268 | D:3      | Reached XP level 6. HP: 21/53 MP: 5/5
  1573 | D:4      | Found an iron altar of Okawaru.
  1603 | D:4      | Became a worshipper of Warmaster Okawaru
  1792 | D:5      | Entered Level 5 of the Dungeon
  1804 | D:5      | Reached skill level 1 in Dodging
  1837 | D:5      | Noticed Eustachio
  2213 | D:4      | Reached skill level 5 in Long Blades
  2213 | D:4      | Reached skill level 5 in Armour
  2704 | D:5      | Noticed Edmund
  2712 | D:5      | Noticed nataq's ghost (novice DsFi)
  3097 | D:4      | HP: 3/79 [Edmund/flail of holy wrath (3)]
  3100 | D:4      | Killed Edmund
  3100 | D:4      | Reached XP level 7. HP: 4/60 MP: 6/6
  4304 | D:5      | Reached skill level 5 in Fighting
  4377 | D:5      | Noticed Menkaure
  4381 | D:5      | Killed Menkaure
  4381 | D:5      | Reached * piety under Okawaru
  4503 | D:5      | Reached skill level 1 in Maces & Flails
  4624 | D:4      | Killed Eustachio
  5042 | D:5      | Found a staircase to the Ecumenical Temple.
  5047 | Temple   | Entered the Ecumenical Temple
  5321 | D:5      | Killed nataq's ghost
  5321 | D:5      | Reached XP level 8. HP: 44/70 MP: 7/7
  5647 | D:5      | Reached ** piety under Okawaru
  6053 | D:6      | Reached skill level 5 in Maces & Flails
  6552 | D:6      | Noticed Pikel
  7137 | D:7      | Got a distressingly furry chain mail
  7151 | D:7      | Identified the cursed +0 chain mail "Fegead" {rF- MR+ rCorr Int+4} (You found it on level 7 of the Dungeon)
  7290 | D:7      | Killed Pikel
  7290 | D:7      | Reached XP level 9. HP: 55/78 MP: 8/8
  7292 | D:6      | Noticed a troll
  7318 | D:6      | Killed a troll
  8004 | D:7      | Reached *** piety under Okawaru
  8500 | D:8      | Reached skill level 1 in Stealth
  8736 | D:8      | Noticed Erica
  8759 | D:8      | Killed from afar by Erica

Skill      XL: |  1  2  3  4  5  6  7  8  9 |
---------------+----------------------------+-----
Fighting       | 4 5 6 7 |  7.0
Armour         | 4 5 7 8 |  8.8
Shields        | 4 5 6 7 8 |  8.5
Long Blades    | 4 5 6 7 8 |  8.3
Dodging        | 1 2 3 |  3.7
Maces & Flails | 3 5 |  5.3
Stealth        | 1 |  1.1
Throwing       | |  0.2

Action                   |  1- 3 |  4- 6 |  7- 9 || total
-------------------------+-------+-------+-------++-------
Melee: Long sword        |    81 |   137 |     3 ||   221
       Headbutt          |    14 |    22 |    67 ||   103
       Flail             |       |       |    95 ||    95
       Scimitar          |       |       |   184 ||   184
Throw: Tomahawk          |     4 |       |       ||     4
  Use: Potion            |       |     6 |     1 ||     7
       Scroll            |       |       |     6 ||     6
  Eat: Bread ration      |     1 |     1 |     1 ||     3
       Meat ration       |       |       |     1 ||     1
       Chunk             |       |       |     4 ||     4
       Fruit             |       |       |     1 ||     1
       Royal jelly       |       |       |     1 ||     1
Armor: Scale mail        |    26 |    68 |    58 ||   152
       Chain mail        |       |       |    38 ||    38
Dodge: Dodged            |    22 |    44 |   101 ||   167
Block: Shield            |    50 |    85 |   172 ||   307
       Rpst.: Long sword |     8 |     7 |       ||    15
       Scimitar          |       |       |    29 ||    29
